 Dungeon Crawl Stone Soup version 0.32-a0-306-gfed3edf829 (webtiles) character file.

Game seed: 10686674422436501041

435 MachoJfn the Magician (level 7, -20/45 HPs)
             Began as a Djinni Fire Elementalist on Feb 14, 2024.
             Was an Initiate of Dithmenos.
             Demolished by a merfolk
             ... wielding a +0 trident
             ... led by the fury of Okawaru
              (23 damage)
             ... on level 5 of the Dungeon.
             The game lasted 00:10:17 (3902 turns).

MachoJfn the Magician (Djinni Fire Elementalist)    Turns: 3902, Time: 00:10:18

Health: -20/45     AC:  4    Str:  7    XL:     7   Next: 21%
Gold:   180        EV: 18    Int: 18    God:    Dithmenos [......] SH:  0 Dex: 14

rFire   + + .        (no weapon)
rCold   x . .        (no shield)
rNeg    . . .        a - +0 robe
rPois   ∞            r - +0 helmet
rElec   .            v - +0 cloak
rCorr   .            (no gloves)
SInv    .            (boots unavailable)
Will    .....        (no amulet)
Stlth   ++           s - +5 ring of evasion
HPRegen 0.27/turn    (no ring)
MPRegen 0.00/turn

%: infuse magic (-21 HP)
@: flying
A: sickness immunity, fire resistance 2, cold vulnerability 1, float, innate
caster, HP casting, extra vitality 1
a: Renounce Religion


You were on level 5 of the Dungeon.
You worshipped Dithmenos.
Dithmenos was noncommittal.
You visited 2 branches of the dungeon, and saw 6 of its levels.

You collected 180 gold pieces.

Inventory:

Missiles
 g - 65 stones
 i - 5 poisoned darts
 y - 8 boomerangs
Armour
 a - a +0 robe (worn)
 r - a +0 helmet (worn)
 v - a +0 cloak (worn)
Jewellery
 s - a +5 ring of evasion (left hand)
 u - a ring of ice
Wands
 p - a wand of flame (9)
Scrolls
 b - a scroll of poison {unknown}
 c - a scroll of vulnerability {unknown}
 d - 5 scrolls of identify {unknown}
 e - a scroll of torment {unknown}
 m - 2 scrolls of teleportation {unknown}
 n - a scroll of revelation {unknown}
 o - a scroll of blinking {unknown}
 q - 2 scrolls of amnesia {unknown}
 w - a scroll of silence {unknown}
 x - a scroll of enchant armour {unknown}
Potions
 f - a potion of brilliance
 h - a potion of lignification {unknown}
 j - a potion of heal wounds {unknown}
 k - 2 potions of mutation {unknown}
 l - a potion of haste {unknown}
 t - 2 potions of curing


   Skills:
 + Level 0.2 Fighting
 + Level 4.0 Dodging
 + Level 3.6 Stealth
 + Level 5.0 Spellcasting
 + Level 5.0 Conjurations
 + Level 5.0 Hexes
 + Level 5.0 Summonings
 + Level 5.0 Necromancy
 + Level 5.0 Translocations
 + Level 5.0 Fire Magic
 + Level 5.0 Ice Magic
 + Level 5.0 Air Magic
 + Level 5.0 Earth Magic
 + Level 5.0 Alchemy


You knew the following spells:

 Your Spells              Type           Power      Damage    Failure   Level
a - Foxfire               Conj/Fire      88%        2x1d8     1%          1
b - Scorch                Fire           44%        2d6       2%          2
c - Volatile Blastmotes   Fire/Tloc      44%        2d13      4%          3
d - Inner Flame           Hex/Fire       22%        N/A       4%          3
e - Flame Wave            Conj/Fire      22%        2d8       17%         4
f - Sandblast             Erth           44%        2d11      1%          1
g - Jinxbite              Hex            44%        N/A       2%          2
h - Searing Ray           Conj           44%        2d6       2%          2
Your spell library was empty.

Dungeon Overview and Level Annotations

Branches:
Dungeon (5/15)             Temple (1/1) D:4

Altars:
Ashenzari
Cheibriados
Dithmenos
Gozag
Nemelex Xobeh
Okawaru
Qazlal
Ru
Trog
Uskayaw
Wu Jian
Xom

Shops:
D:3 :


Innate Abilities, Weirdness & Mutations

You are immune to sickness and miasma.
You are immune to poison.
Your flesh is very heat resistant. (rF++)
You are vulnerable to cold. (rC-)
You float through the air rather than walking.
You learn spells naturally, not from books.
Your magical power is your life essence.
You have superior vitality. (+4 MHP)


Message History

The flame wave engulfs the merfolk.
The merfolk is lightly wounded. (Press . to intensify the flame waves.)
A wave of flame ripples out!
The flame wave engulfs the merfolk.
The merfolk is moderately wounded.
The flame wave engulfs the merfolk!
The merfolk is lightly wounded.
The flame wave engulfs the merfolk.
The merfolk is moderately wounded.
The flame wave engulfs the merfolk!
The merfolk is moderately wounded.
The flame wave engulfs the merfolk impaler.
The merfolk impaler is lightly wounded.
The flame wave engulfs the merfolk javelineer!
The merfolk javelineer is lightly wounded.
The merfolk javelineer hits you but does no damage.
The merfolk impaler hits you from afar with a +0 trident of flaming!!
* * * LOW HITPOINT WARNING * * *
The merfolk hits you but does no damage.
The merfolk completely misses you. The merfolk barely misses you.
The merfolk misses you.
A wave of flame ripples out!
The flame wave engulfs the merfolk.
The merfolk is moderately wounded.
The flame wave engulfs the merfolk.
The merfolk is moderately wounded.
The flame wave engulfs the merfolk.
The merfolk is moderately wounded.
The flame wave engulfs the merfolk.
The merfolk is moderately wounded.
The flame wave engulfs the merfolk impaler!
The merfolk impaler is lightly wounded.
The flame wave engulfs the merfolk javelineer!
The merfolk javelineer is moderately wounded.
The flame wave engulfs the merfolk.
The merfolk is lightly wounded.
* * * LOW HITPOINT WARNING * * *
You finish channelling waves of flame.
The merfolk impaler closely misses you.
The merfolk hits you with a +0 trident!!
Ouch! That really hurt!
You die...

# # #?.# #######
.... ....... #..#
#.#####.# #m.# #.##
#.# #..# ...####.#
#m.# ........####
#)m# ...........#
#@m# .)......##.#
#mm#
..#####.##.#####mm#
............>.....#
##.####.##......m##
#.# #..........#
##.############.....
.#......... ..####
.#.######## ####


You could see a merfolk impaler, a merfolk javelineer and 7 merfolk.

Vanquished Creatures
  A scorpion (D:4)
  2 orc priests
  4 orc wizards
  2 iguanas (D:4)
  3 adders
  A dart slug (D:4)
  14 orcs
  5 bats
  2 endoplasms
  3 giant cockroaches
  4 goblins
  5 hobgoblins
  5 quokkas
  8 ball pythons
  2 frilled lizards (D:1)
  11 kobolds
  4 rats
76 creatures vanquished.

Vanquished Creatures (others)
  119 foxfires
119 creatures vanquished.

Grand Total: 195 creatures vanquished

Notes
Turn   | Place    | Note
-------+----------+-------------------------------------------
     0 | D:1      | MachoJfn the Djinni Fire Elementalist began the quest for
                  | the Orb.
     0 | D:1      | MachoJfn set off with the following spells memorised:
                  | Foxfire, Scorch, Volatile Blastmotes, Inner Flame, Flame
                  | Wave.
     0 | D:1      | Reached XP level 1. HP: 15/15 MP: 0/0
    54 | D:1      | Reached XP level 2. HP: 18/21 MP: 0/0
   302 | D:1      | Reached XP level 3. HP: 25/25 MP: 0/0
   302 | D:1      | Learned a level 1 spell: Sandblast
   310 | D:1      | Found a faded altar of an unknown god.
   319 | D:1      | Prayed at the altar of an unknown god.
   319 | D:1      | Became a worshipper of Warmaster Okawaru
   319 | D:1      | Reached * piety under Okawaru
   974 | D:2      | Reached XP level 4. HP: 30/31 MP: 0/0
  1441 | D:3      | Reached XP level 5. HP: 26/35 MP: 0/0
  1441 | D:3      | Learned a level 2 spell: Jinxbite
  1717 | D:3      | Found Febupypy's Book Emporium.
  2594 | D:4      | Found a sacrificial altar of Ru.
  2737 | D:4      | Reached XP level 6. HP: 14/40 MP: 0/0
  2980 | D:4      | Found an opulent altar of Gozag.
  3171 | D:4      | Reached ** piety under Okawaru
  3251 | D:4      | Found a staircase to the Ecumenical Temple.
  3263 | Temple   | Entered the Ecumenical Temple
  3296 | Temple   | Fell from the grace of Okawaru
  3296 | Temple   | Became a worshipper of Dithmenos the Shadowed
  3352 | D:4      | Found a sparkling altar of Nemelex Xobeh.
  3663 | D:5      | Entered Level 5 of the Dungeon
  3797 | D:5      | Reached XP level 7. HP: 11/45 MP: 0/0
  3797 | D:5      | Learned a level 2 spell: Searing Ray
  3800 | D:5      | Reached skill level 5 in Spellcasting
  3800 | D:5      | Reached skill level 5 in Conjurations
  3800 | D:5      | Reached skill level 5 in Hexes
  3800 | D:5      | Reached skill level 5 in Summonings
  3800 | D:5      | Reached skill level 5 in Necromancy
  3800 | D:5      | Reached skill level 5 in Translocations
  3800 | D:5      | Reached skill level 5 in Fire Magic
  3800 | D:5      | Reached skill level 5 in Ice Magic
  3800 | D:5      | Reached skill level 5 in Air Magic
  3800 | D:5      | Reached skill level 5 in Earth Magic
  3800 | D:5      | Reached skill level 5 in Alchemy
  3900 | D:5      | Noticed a merfolk javelineer
  3900 | D:5      | Noticed a merfolk
  3900 | D:5      | Noticed a merfolk
  3900 | D:5      | Noticed a merfolk
  3900 | D:5      | Noticed a merfolk
  3900 | D:5      | Noticed a merfolk impaler
  3900 | D:5      | Noticed a merfolk
  3900 | D:5      | Noticed a merfolk
  3900 | D:5      | Noticed a merfolk
  3902 | D:5      | Demolished by a merfolk

Illustrated notes

Levels and vault maps discovered:
D:1:      lemuel_arrival_rhombus, layout_loops_cross,
          ebering_ecumenical_altar_ruins, st_stairs_12, supply_closet_lemuel,
          ebering_dispersal_statue_hall
D:2:      layout_basic
D:3:      layout_basic, serial_shops, nicolae_shop_trees, kennysheep_cross_room
D:4:      layout_loops_ring, nemelex_xobeh_ov_fountains_minmay,
          nicolae_ru_awakened_eye, grunt_gozag_statues,
          minmay_temple_entry_sparse_star, hangedman_decor_slide_cut,
          minmay_stone_trees_small, minmay_checkerbox
D:5:      layout_loops_ring, gup_ossuary_entry_pyramid
Temple:   nicolae_temple_two_arcs

Skill      XL: |  1  2  3  4  5  6  7 |
---------------+----------------------+-----
Stealth        | 2 3 |  3.6
Dodging        | 3 4 |  4.0
Spellcasting   | 4 5 |  5.0
Conjurations   | 4 5 |  5.0
Hexes          | 4 5 |  5.0
Summonings     | 4 5 |  5.0
Necromancy     | 4 5 |  5.0
Translocations | 4 5 |  5.0
Fire Magic     | 4 5 |  5.0
Ice Magic      | 4 5 |  5.0
Air Magic      | 4 5 |  5.0
Earth Magic    | 4 5 |  5.0
Alchemy        | 4 5 |  5.0
Fighting       | |  0.2

Action                     |  1- 3 |  4- 6 |  7- 9 || total
---------------------------+-------+-------+-------++-------
   Cast: Foxfire           |    52 |    65 |       ||   117
         Scorch            |     1 |    43 |     1 ||    45
         Flame Wave        |       |     1 |     1 ||     2
    Use: Potion            |       |     2 |       ||     2
 Armour: Robe              |     2 |    13 |     6 ||    21
  Dodge: Dodged            |     1 |    25 |     4 ||    30

Table legend: (Time is in decaauts)
 A = Elapsed time spent in this place.
 B = Non-inter-level travel time spent in this place.
 C = Inter-level travel time spent in this place.
 D = Time resting spent in this place.
 E = Time spent auto-exploring this place.
 F = Levels seen in this place.
 G = Mean time per level.
                   A        B        C        D        E       F      G
               +--------+--------+--------+--------+--------+-----+--------+
         Total |   3900 |   3449 |    451 |    716 |   2265 |   6 |  650.0 |
       Dungeon |   3857 |   3446 |    411 |    716 |   2265 |   5 |  771.4 |
        Temple |     43 |      3 |     40 |      0 |      0 |   1 |   43.0 |
               +--------+--------+--------+--------+--------+-----+--------+

Top non-repeatable levels by time:
     D:3: 1141 daAuts
     D:4: 1124 daAuts
     D:1: 827 daAuts
     D:2: 525 daAuts
     D:5: 238 daAuts
  Temple: 43 daAuts
